 Dungeon Sprint DCSS version 0.20-a0-432-g25cc1b4 (webtiles) character file.

7043 N00B the Wrestler (level 10, -5/96 HPs)
             Began as a Troll Gladiator on Jan 2, 2017.
             Was the Champion of Makhleb.
             Slain by an orc high priest
             ... wielding a +0 glaive
              (11 damage)
             ... in the Dungeon (Sprint IX: "|||||||||||||||||||||||||||||").
             The game lasted 00:02:38 (657 turns).

N00B the Wrestler (Troll Gladiator)                  Turns: 657, Time: 00:02:38

Health: -5/96      AC: 10    Str: 29    XL:     10   Next: 83%
Magic:  9/9        EV: 15    Int: 10    God:    Makhleb [******]
Gold:   699        SH:  0    Dex: 14    Spells: 9/9 levels left

rFire  + . .     SeeInvis .       - Unarmed
rCold  + . .     Gourm    +     a - +0 robe
rNeg   . . .     Faith    .     (no shield)
rPois  +         Spirit   .     b - +1 hat
rElec  +         Reflect  .     y - +1 cloak
rCorr  +         Harm     .     (gloves unavailable)
MR     .....     NoTele   +     (boots unavailable)
Stlth  +.........               (no amulet)
                                o - +3 ring of intelligence
                                p - +3 ring of intelligence

@: mighty, resistant
A: unfitting armour, claws 3, thin metallic scales 1, fast metabolism 3,
gourmand, regeneration 1, shaggy fur 1, tough skin 2
a: Minor Destruction, Lesser Servant of Makhleb, Major Destruction, Greater
Servant of Makhleb, Renounce Religion


You were in the Dungeon.
You worshipped Makhleb.
Makhleb was exalted by your worship.
You were full.

You visited 1 branch You collected 699 gold pieces.

Inventory:

Missiles
 c - 3 throwing nets (quivered)
Armour
 a - a +0 robe (worn)
 b - a +1 hat (worn)
 y - a +1 cloak (worn)
Jewellery
 o - a +3 ring of intelligence (right claw)
 p - a +3 ring of intelligence (left claw)
Wands
 n - a wand of iceblast (7/15)
Scrolls
 j - 2 scrolls of blinking
 l - 3 scrolls of remove curse
 m - 2 scrolls of amnesia
 u - 2 scrolls of enchant armour
 v - 2 scrolls of fear
 w - a scroll of identify
 x - a scroll of recharging
Potions
 e - 7 potions of curing
 f - 2 potions of heal wounds
 g - a potion of haste
 h - 4 potions of magic
 r - a potion of brilliance
Comestibles
 d - 14 bread rations
 k - 40 fruits
 q - 12 meat rations
 t - 2 chunks of flesh


   Skills:
 + Level 5.1 Fighting
 - Level 1.7 Throwing
 + Level 9.3 Dodging
 * Level 21.2 Unarmed Combat


You had 9 spell levels left.
You didn't know any spells.

Dungeon Overview and Level Annotations

Branches:
Dungeon (1/1)

Altars:
Cheibriados
Dithmenos
Elyvilon
Fedhas
Gozag
Hepliaklqana
Kikubaaqudgha
Makhleb
Nemelex Xobeh
Okawaru
Qazlal
Ru
Sif Muna
Trog
Uskayaw
Vehumet
Xom
Yredelemnul
Zin
The Shining One
Beogh
Jiyva
Lugonu


Innate Abilities, Weirdness & Mutations

You are too large for most types of armour.
You have claws for hands.
Your metabolism is lightning-fast.
You like to eat raw meat.
Your natural rate of healing is unusually fast.
You are covered in fur. (AC +1)
You have very tough skin. (AC +2)
You are partially covered in thin metallic scales. (AC +2)


Message History

The orc high priest mumbles some strange prayers to Beogh.
The hellwing misses you.
The hellwing hits you but does no damage.
The sixfirhy hits you.
* * * LOW HITPOINT WARNING * * *
The sixfirhy shocks you. You resist.
* * * LOW HITPOINT WARNING * * *
An orc warrior comes into view. It is wielding a scimitar.
You closely miss the sixfirhy.
The orc warrior shouts!
The sixfirhy hits you.
* * * LOW HITPOINT WARNING * * *
The sixfirhy shocks you. You resist.
* * * LOW HITPOINT WARNING * * *
The sixfirhy hits you.
* * * LOW HITPOINT WARNING * * *
The sixfirhy shocks you. You resist.
* * * LOW HITPOINT WARNING * * *
The orc high priest hits you from afar with a glaive!
You die...

|..'._______________________'....
▓▓▓▓▓▓▓▓▓▓▓▓▓▓▓▓▓▓▓▓▓▓▓▓▓▓▓▓▓▓▓▓▓
.................................
▓▓▓▓▓▓▓▓▓▓▓▓▓▓▓▓▓▓▓▓▓▓▓▓▓▓▓▓▓▓▓▓▓
...'.......††'.........†.........
▓▓▓▓▓▓▓▓▓▓▓▓▓▓▓▓▓▓▓▓▓▓▓▓▓▓▓▓▓▓▓▓▓
.................................
▓▓▓▓▓▓▓▓▓▓▓▓▓▓▓▓▓▓▓▓▓▓▓▓▓▓▓▓▓▓▓▓▓
o.oooo3@4.....))))[).))(
▓▓▓▓▓▓▓▓▓▓▓▓▓▓▓▓▓▓▓▓▓▓▓▓


You could see an orc high priest, a hellwing, a sixfirhy and 4 orc warriors.

Vanquished Creatures
  A tengu warrior (D)
  An orc high priest (D)
  An unseen horror (D)
  An orc knight (D)
  A black mamba (D)
  An elephant (D)
  Psyche (D)
  A spiny frog (D)
  A komodo dragon (D)
  2 polar bears (D)
  A slime creature (D)
  A hippogriff (D)
  A wyvern (D)
  A yak (D)
  A hungry ghost (D)
  3 porcupines (D)
  2 water moccasins (D)
  7 black bears (D)
  4 orc warriors (D)
  4 crocodiles (D)
  2 bullfrogs (D)
  2 crimson imps (D)
  A jelly (D)
  An orc priest (D)
  2 orc wizards (D)
  An iguana (D)
  A worker ant (D)
  An adder (D)
  A shadow imp (D)
  An adder skeleton (D)
  10 orcs (D)
  A bat zombie (D)
  A giant cockroach (D)
  2 goblins (D)
  A hobgoblin (D)
  A jackal skeleton (D)
  A rat (D)
66 creatures vanquished.

Notes
Turn   | Place    | Note
-------+----------+-------------------------------------------
     0 | D        | N00B the Troll Gladiator began the quest for the Orb.
     0 | D        | Reached XP level 1. HP: 19/19 MP: 0/0
    13 | D        | Reached skill level 4 in Unarmed Combat
    20 | D        | Noticed a worker ant
    20 | D        | Noticed a crimson imp
    20 | D        | Noticed an orc wizard
    25 | D        | Reached skill level 5 in Unarmed Combat
    25 | D        | Reached XP level 2. HP: 26/28 MP: 1/1
    27 | D        | Reached skill level 6 in Unarmed Combat
    27 | D        | Reached XP level 3. HP: 32/35 MP: 2/2
    31 | D        | Reached skill level 7 in Unarmed Combat
    31 | D        | Reached XP level 4. HP: 33/42 MP: 3/3
    38 | D        | Reached skill level 8 in Unarmed Combat
    45 | D        | Found a roughly hewn altar of Beogh.
    45 | D        | Found a snail-covered altar of Cheibriados.
    45 | D        | Found a shadowy altar of Dithmenos.
    45 | D        | Found a white marble altar of Elyvilon.
    45 | D        | Found a blossoming altar of Fedhas.
    45 | D        | Found an opulent altar of Gozag.
    46 | D        | Found a hazy altar of Hepliaklqana.
    47 | D        | Found a viscous altar of Jiyva.
    48 | D        | Found an ancient bone altar of Kikubaaqudgha.
    49 | D        | Found a corrupted altar of Lugonu.
    50 | D        | Found a burning altar of Makhleb.
    51 | D        | Found a sparkling altar of Nemelex Xobeh.
    52 | D        | Found an iron altar of Okawaru.
    53 | D        | Found a stormy altar of Qazlal.
    54 | D        | Found a sacrificial altar of Ru.
    55 | D        | Found a deep blue altar of Sif Muna.
    56 | D        | Found a bloodstained altar of Trog.
    57 | D        | Found a hide-covered altar of Uskayaw.
    58 | D        | Found a radiant altar of Vehumet.
    59 | D        | Found a shimmering altar of Xom.
    60 | D        | Found a basalt altar of Yredelemnul.
    61 | D        | Found a glowing silver altar of Zin.
    62 | D        | Found a glowing golden altar of the Shining One.
    72 | D        | Became a worshipper of Makhleb the Destroyer
   106 | D        | Noticed a black bear
   113 | D        | Reached XP level 5. HP: 47/50 MP: 4/4
   120 | D        | Killed a black bear
   120 | D        | Reached * piety under Makhleb
   120 | D        | Reached skill level 5 in Dodging
   120 | D        | Reached skill level 10 in Unarmed Combat
   127 | D        | Reached ** piety under Makhleb
   127 | D        | Reached XP level 6. HP: 25/61 MP: 5/5
   187 | D        | Noticed a slime creature
   187 | D        | Noticed an orc warrior
   187 | D        | Noticed a hungry ghost
   187 | D        | Noticed a tengu warrior
   192 | D        | Killed a tengu warrior
   192 | D        | Reached skill level 14 in Unarmed Combat
   192 | D        | Reached XP level 7. HP: 68/68 MP: 6/6
   194 | D        | Killed an unseen horror
   194 | D        | Reached skill level 15 in Unarmed Combat
   194 | D        | Reached XP level 8. HP: 78/78 MP: 7/7
   198 | D        | Reached *** piety under Makhleb
   201 | D        | Killed a slime creature
   201 | D        | Reached skill level 16 in Unarmed Combat
   337 | D        | Gained mutation: You are partially covered in thin metallic scales. (AC +2) [potion of beneficial mutation]
   338 | D        | Noticed a hippogriff
   341 | D        | Reached XP level 9. HP: 76/85 MP: 8/8
   344 | D        | Reached **** piety under Makhleb
   350 | D        | Reached skill level 17 in Unarmed Combat
   354 | D        | Reached ***** piety under Makhleb
   384 | D        | Noticed an elephant
   384 | D        | Noticed a komodo dragon
   384 | D        | Noticed a spiny frog
   384 | D        | Noticed a black mamba
   395 | D        | Killed a black mamba
   395 | D        | Reached skill level 18 in Unarmed Combat
   399 | D        | Killed a spiny frog
   408 | D        | Killed a komodo dragon
   408 | D        | Reached skill level 5 in Fighting
   410 | D        | Killed an elephant
   410 | D        | Reached skill level 19 in Unarmed Combat
   410 | D        | Reached XP level 10. HP: 63/96 MP: 9/9
   414 | D        | Reached ****** piety under Makhleb
   442 | D        | Reached skill level 20 in Unarmed Combat
   502 | D        | Noticed Psyche
   508 | D        | Killed Psyche
   634 | D        | Noticed an orc high priest
   634 | D        | Noticed an orc high priest
   634 | D        | Noticed an orc knight
   644 | D        | Noticed a sixfirhy
   644 | D        | Killed an orc knight
   647 | D        | Killed an orc high priest
   647 | D        | Reached skill level 21 in Unarmed Combat
   657 | D        | Slain by an orc high priest

Vault maps used:
D:        linesprint

Skill      XL: |  1  2  3  4  5  6  7  8  9 10 |
---------------+-------------------------------+-----
Unarmed Combat | 5 6 7 8 10 14 15 16 19 21 | 21.2
Dodging        | 3 4 5 7 8 9 |  9.3
Fighting       | 2 3 4 5 |  5.1
Throwing       | |  1.7

Action                   |  1- 3 |  4- 6 |  7- 9 | 10-12 || total
-------------------------+-------+-------+-------+-------++-------
Melee: Unarmed           |    21 |    31 |    56 |    65 ||   173
       Punch             |     1 |     2 |     8 |     7 ||    18
  Use: Potion            |       |     1 |     3 |     3 ||     7
       Scroll            |       |       |     1 |     1 ||     2
 Stab: Invisible         |       |       |       |     9 ||     9
       Sleeping          |       |       |       |     1 ||     1
  Eat: Chunk             |       |       |     8 |     1 ||     9
Armor: Robe              |     4 |    10 |     3 |    12 ||    29
Dodge: Dodged            |     7 |    16 |    22 |    48 ||    93
